 Dungeon Crawl Stone Soup version 0.30-a0-358-g0d69a1922f (webtiles) character file.

Game seed: 15313456238822760003

2082 KennySheep the Conjurer (level 8, -9/57 HPs)
             Began as a Demigod Conjurer on Nov 11, 2022.
             Mangled by an orc warrior
             ... wielding a +0 battleaxe
              (11 damage)
             ... on level 7 of the Dungeon.
             The game lasted 00:22:44 (7973 turns).

KennySheep the Conjurer (Demigod Conjurer)          Turns: 7973, Time: 00:22:44

Health: -9/57      AC:  3    Str:  8    XL:     8   Next: 78%
Magic:  10/19      EV: 12    Int: 28    God:
Gold:   311        SH:  0    Dex: 12    Spells: 10/17 levels left

rFire   . . .      SeeInvis .    l - +0 dagger
rCold   . . .      Faith    .    (no shield)
rNeg    . . .      Spirit   .    a - +0 robe
rPois   .          Reflect  .    (no helmet)
rElec   .          Harm     .    q - +0 cloak
rCorr   .          Rampage  .    (no gloves)
Will    .....                    (no boots)
Stlth   ++........               (no amulet)
HPRegen 0.29/turn                (no ring)
MPRegen 0.16/turn                (no ring)

@: no status effects
A: high MP 1, forlorn, divine attributes
a: no special abilities


You were on level 7 of the Dungeon.
You visited 1 branch of the dungeon, and saw 7 of its levels.

You collected 311 gold pieces.

Inventory:

Hand Weapons
 l - a +0 dagger (weapon)
Armour
 a - a +0 robe (worn)
 q - a +0 cloak (worn)
Wands
 v - a wand of paralysis (11)
 w - a wand of roots (9)
Scrolls
 b - a scroll of fog {unknown}
 d - a scroll of immolation {unknown}
 f - 3 scrolls of amnesia
 h - 2 scrolls of blinking
 k - a scroll of torment
 n - a scroll of noise
 r - 9 scrolls of identify
 s - a scroll of teleportation
 t - 2 scrolls of vulnerability
 x - a scroll of magic mapping {unknown}
Potions
 c - a potion of brilliance
 e - 2 potions of curing
 g - 4 potions of heal wounds
 i - a potion of flight
 j - a potion of degeneration
 m - 2 potions of attraction
 o - 4 potions of mutation {unknown}
 p - 2 potions of cancellation {unknown}
 u - a potion of invisibility {unknown}


   Skills:
 - Level 1.7 Dodging
 - Level 1.7 Stealth
 * Level 5.4 Spellcasting
 + Level 7.5 Conjurations
 + Level 6.5 Translocations


You had 10 spell levels left.
You knew the following spells:

 Your Spells              Type           Power      Damage    Failure   Level
a - Magic Dart            Conj           100%       1d8       1%          1
b - Searing Ray           Conj           98%        2d8       1%          2
c - Iskenderun's Mystic   Conj/Tloc      46%        2d10      3%          4

Your spell library contained the following spells:

 Spells                   Type           Power      Damage    Failure   Level
 Dazzling Flash           Conj/Hex       56%        N/A       4%          3
 Portal Projectile        Hex/Tloc       50%        N/A       4%          3
 Fulminant Prism          Conj/Hex       14%        3d9       14%         4
 Call Canine Familiar     Summ           7%         N/A       19%         3
 Leda's Liquefaction      Hex/Erth       3%         N/A       54%         4


Dungeon Overview and Level Annotations

Branches:
Dungeon (7/15)             Temple (0/1) D:6

Shops:
D:3 =


Innate Abilities, Weirdness & Mutations

You have an increased reservoir of magic. (+10% MP)
You shall have no god before yourself.
Your divine heritage dramatically boosts your attributes as you level up.


Message History

The orc shouts!
The magic dart hits the electric eel but does no damage.
The electric eel is severely wounded.
The orc warrior shouts!
The magic dart hits the orc but does no damage.
The magic dart hits the orc.
The orc is moderately wounded.
The electric eel shoots out a bolt of lightning at you!
The bolt of electricity hits you! The orc hits you with a +0 hand axe.
The orc attacks as you move away! The orc barely misses you.
The orc attacks as you move away! The orc hits you with a +0 hand axe.
The orc attacks as you move away! The orc hits you with a +0 hand axe!
The orc attacks as you move away! The orc hits you with a +0 hand axe.
* * * LOW HITPOINT WARNING * * *
The orc attacks as you move away! The orc closely misses you.
The orc attacks as you move away! The orc misses you.
The magic dart hits the orc.
The orc is heavily wounded.
The orc closely misses you.
The magic dart hits the orc.
The orc is heavily wounded.
The orc hits you with a +0 hand axe.
* * * LOW HITPOINT WARNING * * *
The magic dart hits the orc.
The orc is almost dead.
The orc hits you with a +0 hand axe.
* * * LOW HITPOINT WARNING * * *
The magic dart hits the orc.
You kill the orc!
The magic dart hits the orc warrior.
The orc warrior is lightly wounded.
The orc warrior hits you with a +0 battleaxe!
* * * LOW HITPOINT WARNING * * *
The orc warrior attacks as you move away!
The orc warrior hits you with a +0 battleaxe.
* * * LOW HITPOINT WARNING * * *
The orc warrior attacks as you move away!
The orc warrior hits you with a +0 battleaxe!
You die...

#.#.# #.#.#
########.#.########
.................>#
........<.......#.#
#####...#######.#.#
..............#.#.#
..#.....#####.#.#.#
..#.....# #@#.#.#
........# #o#.#.#
####.#...# #o#.#.#
.....#...# #.#.#.#
###.....#####.#...#
###..........#.#..##
........####.#)#..#
##......#### #.#..#
##........# #.#..#


You could see an orc warrior and an orc.

Vanquished Creatures
  Grinder (D:3)
  Prince Ribbit (D:4)
  Edmund (D:5)
  3 sky beasts
  A black bear (D:6)
  2 ogres (D:6)
  A phantom (D:5)
  2 scorpions
  A bullfrog (D:7)
  A howler monkey (D:6)
  An electric eel (D:7)
  3 hounds (D:5)
  2 orc priests
  2 iguanas (D:5)
  Natasha (thrice) (D:2)
  4 orc wizards
  Robin (D:3)
  3 gnolls (D:6)
  12 adders
  2 white imps (D:7)
  2 ufetubi
  3 worms
  2 dart slugs
  23 orcs
  19 ball pythons
  6 bats
  12 endoplasms
  4 giant cockroaches
  10 hobgoblins
  6 jackals
  6 kobolds
  5 quokkas
  6 frilled lizards
  11 goblins
  6 rats
168 creatures vanquished.

Vanquished Creatures (others)
  4 fungi (D:3)
  A plant (D:3)
5 creatures vanquished.

Grand Total: 173 creatures vanquished

Notes
Turn   | Place    | Note
-------+----------+-------------------------------------------
     0 | D:1      | KennySheep the Demigod Conjurer began the quest for the
                  | Orb.
     0 | D:1      | Reached XP level 1. HP: 14/14 MP: 5/5
   463 | D:1      | Reached XP level 2. HP: 14/20 MP: 0/7
   540 | D:1      | Learned a level 2 spell: Searing Ray
   559 | D:1      | Reached skill level 1 in Translocations
  1145 | D:1      | Reached skill level 4 in Conjurations
  1408 | D:2      | Reached XP level 3. HP: 25/26 MP: 1/8
  1514 | D:2      | Noticed Natasha
  1522 | D:2      | Killed Natasha
  1531 | D:2      | Noticed Natasha
  1542 | D:2      | Killed Natasha
  1543 | D:2      | Reached XP level 4. HP: 18/33 MP: 5/10
  1664 | D:2      | Noticed Natasha
  1671 | D:2      | Killed Natasha
  2604 | D:3      | Reached XP level 5. HP: 38/38 MP: 8/11
  2789 | D:3      | Noticed Robin
  3057 | D:3      | Killed Robin
  3191 | D:3      | Reached skill level 5 in Conjurations
  3377 | D:3      | Noticed Grinder
  3386 | D:3      | Paralysed by Grinder for 3 turns
  3399 | D:3      | Killed Grinder
  3400 | D:3      | Reached XP level 6. HP: 17/45 MP: 1/13
  3919 | D:3      | Found Plog's Jewellery Boutique.
  4883 | D:5      | Entered Level 5 of the Dungeon
  4883 | D:5      | Noticed Prince Ribbit
  4897 | D:4      | Killed Prince Ribbit
  4898 | D:4      | Reached skill level 6 in Conjurations
  4898 | D:4      | Reached XP level 7. HP: 33/50 MP: 1/15
  5092 | D:5      | Learned a level 4 spell: Iskenderun's Mystic Blast
  5367 | D:5      | Reached skill level 5 in Translocations
  5809 | D:5      | Noticed Edmund
  6073 | D:5      | Killed Edmund
  6280 | D:6      | Reached XP level 8. HP: 42/57 MP: 5/17
  6776 | D:6      | Reached skill level 7 in Conjurations
  6942 | D:6      | Found a staircase to the Ecumenical Temple.
  7130 | D:6      | Reached skill level 5 in Spellcasting
  7969 | D:7      | HP: 1/57 [orc warrior/+0 battleaxe (4)]
  7973 | D:7      | Mangled by an orc warrior

Illustrated notes

Levels and vault maps discovered:
D:1:      psy_arrival_terrarium, layout_basic
D:2:      layout_rooms, nicolae_elevator_lobby_asterisk, uniq_natasha
D:3:      layout_basic, serial_shops, nicolae_shop_behind_doors,
          shapermc_ecumenical_altar_acropolis, uniq_grinder, uniq_robin
D:4:      layout_basic, nzn_wu_jian_council_hall,
          gammafunk_temple_overflow_wave, minmay_snake_closets
D:5:      layout_basic, uniq_edmund, uniq_prince_ribbit1
D:6:      layout_basic, minmay_temple_entry_tees
D:7:      cheibrodos_helix_gallery, layout_basic, lemuel_tele_altar

Skill      XL: |  1  2  3  4  5  6  7  8 |
---------------+-------------------------+-----
Translocations | 1 2 4 5 6 |  6.5
Spellcasting   | 2 3 4 5 |  5.4
Conjurations   | 4 5 6 7 |  7.5
Dodging        | |  1.7
Stealth        | |  1.7

Action                   |  1- 3 |  4- 6 |  7- 9 || total
-------------------------+-------+-------+-------++-------
Melee: Unarmed           |     2 |    11 |       ||    13
       Dagger            |       |    44 |    58 ||   102
       Punch             |       |     1 |       ||     1
 Cast: Magic Dart        |    73 |   174 |   126 ||   373
       Searing Ray       |     1 |    12 |     9 ||    22
       Iskenderun's Myst |       |       |    15 ||    15
  Use: Potion            |     1 |       |     5 ||     6
       Scroll            |       |     4 |     3 ||     7
Armor: Robe              |     5 |    10 |    20 ||    35
Dodge: Dodged            |     9 |    52 |    69 ||   130

Table legend: (Time is in decaauts)
 A = Elapsed time spent in this place.
 B = Non-inter-level travel time spent in this place.
 C = Inter-level travel time spent in this place.
 D = Time resting spent in this place.
 E = Time spent auto-exploring this place.
 F = Levels seen in this place.
 G = Mean time per level.
                   A        B        C        D        E       F      G
               +--------+--------+--------+--------+--------+-----+--------+
         Total |   7977 |   7519 |    458 |    440 |   6016 |   7 | 1139.6 |
       Dungeon |   7977 |   7519 |    458 |    440 |   6016 |   7 | 1139.6 |
               +--------+--------+--------+--------+--------+-----+--------+

Top non-repeatable levels by time:
     D:1: 1526 daAuts
     D:5: 1473 daAuts
     D:3: 1458 daAuts
     D:6: 1149 daAuts
     D:4: 1092 daAuts
     D:2: 996 daAuts
     D:7: 281 daAuts
